 Dungeon Crawl Stone Soup version 0.27-a0-1273-gec92ba881d (webtiles) character file.

Game seed: 3301695124992380570

417 mordus the Poker (level 6, -4/55 HPs)
             Began as a Draconian Monk on June 11, 2021.
             Slain by Duvessa
             ... wielding a +0 short sword of freezing
              (8 damage)
             ... on level 3 of the Dungeon.
             The game lasted 00:05:26 (3997 turns).

mordus the Poker (Draconian Monk)                   Turns: 3997, Time: 00:05:26

Health: -4/55      AC:  6    Str: 15    XL:     6   Next: 61%
Magic:  6/6        EV: 13    Int: 11    God:
Gold:   161        SH:  0    Dex: 13    Spells: 5/5 levels left

rFire    . . .     SeeInvis .   n - +0 trident
rCold    . . .     Faith    .   (no shield)
rNeg     . . .     Spirit   .   (armour unavailable)
rPois    .         Reflect  .   (helmet restricted)
rElec    .         Harm     .   (no cloak)
rCorr    .         Rampage  .   (no gloves)
Will     .....                  (no boots)
Stlth    ++........             (no amulet)
HPRegen  0.18/turn              (no ring)
MPRegen  0.10/turn              (no ring)

@: slowed, very slow
A: AC +6, unfitting armour, cold-blooded
a: no special abilities


You were on level 3 of the Dungeon.
You visited 1 branch of the dungeon, and saw 4 of its levels.

You collected 161 gold pieces.

Inventory:

Hand Weapons
 a - a +0 spear
 n - a +0 trident (weapon)
Armour
 m - a scarf of harm
Scrolls
 b - a scroll of fog {unknown}
 c - 4 scrolls of identify {unknown}
 e - a scroll of enchant weapon {unknown}
 h - 2 scrolls of noise {unknown}
 i - 2 scrolls of amnesia {unknown}
 k - a scroll of blinking {unknown}
 l - a scroll of acquirement {unknown}
 o - a scroll of fear {unknown}
Potions
 d - a potion of haste {unknown}
 f - 2 potions of attraction {unknown}
 g - 2 potions of lignification {unknown}
 j - 3 potions of curing {unknown}
 p - a potion of mutation {unknown}


   Skills:
 + Level 4.9 Fighting
 * Level 5.7 Polearms
 + Level 4.1 Dodging
 - Level 1.7 Stealth


You had 5 spell levels left.
You didn't know any spells.
Your spell library was empty.

Dungeon Overview and Level Annotations

Branches:
Dungeon (4/15)
 Temple: D:4-7

Altars:

Shops:
D:2 [   D:4 [

Annotations:
D:3 Dowan, Duvessa


Innate Abilities, Weirdness & Mutations

Your plain brown scales are hard. (AC +6)
You cannot fit into any form of body armour.
You are cold-blooded and may be slowed by cold attacks.


Message History

Dowan casts a spell at Duvessa.
Duvessa seems to speed up.
Duvessa misses you.
Duvessa hits you with a +0 short sword of freezing.
You feel yourself slow down. Duvessa freezes you.
You feel yourself speed up.
Duvessa hits you with a +0 short sword of freezing.
Duvessa freezes you.
Duvessa hits you with a +0 short sword of freezing.
You feel yourself slow down. Duvessa freezes you.
Duvessa hits you with a +0 short sword of freezing.
Duvessa freezes you.
Duvessa hits you with a +0 short sword of freezing.
You feel as though you will be slow longer.
Duvessa freezes you.
There is a stone staircase leading up, spattered with blood here.
Duvessa hits you with a +0 short sword of freezing.
Duvessa freezes you. Dowan hits you with a +0 dagger.
* * * LOW HITPOINT WARNING * * *
Duvessa hits you with a +0 short sword of freezing!
* * * LOW HITPOINT WARNING * * *
You feel as though you will be slow longer.
Duvessa freezes you.
* * * LOW HITPOINT WARNING * * *
Dowan closely misses you.
You climb upwards.
There is a stone staircase leading down here.
Duvessa hits you but does no damage.
You feel yourself speed up. Duvessa closely misses you.
Dowan gestures wildly while chanting.
Dowan blinks!
Duvessa hits you with a +0 short sword of freezing.
* * * LOW HITPOINT WARNING * * *
You feel yourself slow down. Duvessa freezes you.
* * * LOW HITPOINT WARNING * * *
Dowan gestures at you while chanting. You resist with some effort.
Duvessa hits you with a +0 short sword of freezing!
You die...

.......# #.##.#.# .......#
#......# ######## #....#.#
# ##### #....#.# # #...#
#e...#.# ###...# #....#.#
......# #....#.# ###
##....######....#.# #.#
#.####.........@.# #.#
##.####.#####.#e#>#######.#
#)..#.#.#.................#
#...#.#.#.###...#.#######.#
......................†...#
#.................#.#####.#
#...#.....#.....#.#.#
#.####
#.......[..)......#.#
#....#
#...#...............#
#.####


You could see Duvessa (fast) and Dowan.

Vanquished Creatures
  Sigmund (D:3)
  A centaur zombie (D:3)
  A centaur skeleton (D:4)
  Natasha (twice) (D:3)
  Robin (D:2)
  A gnoll (D:3)
  An adder (D:3)
  4 worms
  4 dart slugs
  3 orcs
  11 bats
  8 endoplasms
  3 giant cockroaches
  16 goblins
  5 hobgoblins
  8 kobolds
  2 quokkas (D:2)
  5 ball pythons
  4 frilled lizards
  9 rats
90 creatures vanquished.

Notes
Turn   | Place    | Note
-------+----------+-------------------------------------------
     0 | D:1      | mordus the Draconian Monk began the quest for the Orb.
     0 | D:1      | Reached XP level 1. HP: 19/19 MP: 1/1
   141 | D:1      | Reached XP level 2. HP: 26/26 MP: 2/2
   657 | D:2      | Reached XP level 3. HP: 24/31 MP: 3/3
  1135 | D:2      | Found Dinotet's Antique Armour Boutique.
  1329 | D:2      | Noticed Robin
  1337 | D:2      | Reached skill level 4 in Polearms
  1341 | D:2      | Killed Robin
  1346 | D:2      | Reached XP level 4. HP: 33/40 MP: 4/4
  1631 | D:3      | Noticed Sigmund
  2654 | D:3      | Reached XP level 5. HP: 37/46 MP: 5/5
  3201 | D:3      | Noticed Natasha
  3211 | D:3      | Killed Natasha
  3358 | D:3      | Killed Sigmund
  3359 | D:3      | Reached skill level 5 in Polearms
  3359 | D:3      | Reached XP level 6. HP: 23/55 MP: 6/6
  3564 | D:3      | Noticed Natasha
  3580 | D:3      | Killed Natasha
  3944 | D:4      | Found Ytweganu's Antique Armour Shop.
  3977 | D:4      | Noticed Duvessa
  3978 | D:4      | Noticed Dowan
  3997 | D:3      | Slain by Duvessa

Illustrated notes

Levels and vault maps discovered:
D:1:      dpeg_arrival_three_smaller_balls, layout_basic
D:2:      layout_basic, serial_shops, nicolae_shop_statue_plus,
          minmay_pentomino_s4, uniq_robin
D:3:      kennysheep_six_static_rooms, layout_basic, uniq_sigmund, uniq_natasha
D:4:      layout_cave_pools, nicolae_wu_jian_immortal_techniques,
          minmay_temple_entry_fiery, serial_shops, nicolae_shop_crystal,
          kennysheep_boxes, uniq_duvessa

Skill      XL: |  1  2  3  4  5 |
---------------+----------------+-----
Dodging        | 3 4 |  4.1
Polearms       | 4 5 |  5.7
Fighting       | 4 |  4.9
Stealth        | |  1.7

Action                   |  1- 3 |  4- 6 || total
-------------------------+-------+-------++-------
Melee: Spear             |   146 |    74 ||   220
       Tailslap          |    17 |    25 ||    42
       Trident           |       |   124 ||   124
 Stab: Sleeping          |     5 |     5 ||    10
Armor: Skin              |    40 |    69 ||   109
Dodge: Dodged            |    50 |   112 ||   162

Table legend: (Time is in decaauts)
 A = Elapsed time spent in this place.
 B = Non-inter-level travel time spent in this place.
 C = Inter-level travel time spent in this place.
 D = Time resting spent in this place.
 E = Time spent auto-exploring this place.
 F = Levels seen in this place.
 G = Mean time per level.
                   A        B        C        D        E       F      G
               +--------+--------+--------+--------+--------+-----+--------+
         Total |   4008 |   3897 |    111 |   1077 |   2100 |   4 | 1002.0 |
       Dungeon |   4008 |   3897 |    111 |   1077 |   2100 |   4 | 1002.0 |
               +--------+--------+--------+--------+--------+-----+--------+

Top non-repeatable levels by time:
     D:3: 1931 daAuts
     D:2: 1303 daAuts
     D:1: 639 daAuts
     D:4: 134 daAuts
